 Dungeon Crawl Stone Soup version 0.15.2 (webtiles) character file.

1316 ImaNewbie the Chopper (level 8, -2/68 HPs)
             Began as a Deep Dwarf Fighter on Mar 2, 2015.
             Succumbed to Duvessa's poison
             ... on Level 4 of the Dungeon.
             The game lasted 00:28:35 (3709 turns).

ImaNewbie the Chopper (Deep Dwarf Fighter)          Turns: 3709, Time: 00:28:38

HP  -2/68        AC 10     Str 25      XL: 8   Next: 33%
MP   5/5         EV  7     Int  9      God:
Gold 247         SH 11     Dex 12 (16) Spells:  0 memorised,  7 levels left

rFire  . . .     SeeInvis +     a - +0 war axe
rCold  . . .     Clarity  .     G - +0 scale mail of Giubeuc {Str+3}
rNeg   . . .     rCorr    .     c - +0 shield
rPois  .         rRot     .     (no helmet)
rElec  .         Spirit   .     p - +0 cloak
SustAb .         Warding  .     C - +0 pair of gloves
rMut   .         Stasis   .     (no boots)
Gourm  .                        (no amulet)
MR     +....                    l - +4 ring of dexterity
                                g - ring of see invisible

@: lethally poisoned, non-regenerating, somewhat resistant to hostile
enchantments, extremely unstealthy
A: damage resistance, recharge devices, sense surroundings 1, slow healing 3
a: Device Recharging


You were on level 4 of the Dungeon.
You were not hungry.

You visited 1 branch of the dungeon, and saw 5 of its levels.

You collected 247 gold pieces.

Inventory:

Hand weapons
 a - a +0 war axe (weapon)
 b - a +0 blowgun
 D - a +2 flail of crushing
Missiles
 E - 2 curare-tipped needles
Armour
 c - a +0 shield (worn)
 p - a +0 cloak (worn)
 C - a +0 pair of gloves (worn)
 G - the +0 scale mail of Giubeuc (worn) {Str+3}
   (You found it on level 4 of the Dungeon)

   It affects your strength (+3).
Magical devices
 d - a wand of heal wounds (0)
Comestibles
 f - 3 bread rations
 i - 2 beef jerkies
 k - 5 rotting chunks of gnoll flesh
 m - 2 meat rations
 o - 8 fruits
 x - a royal jelly
 z - a slice of pizza
 K - 4 rotting chunks of ogre flesh
Scrolls
 n - 7 scrolls of identify
 q - a scroll of enchant weapon {unknown}
 r - a scroll of amnesia {unknown}
 t - a scroll of enchant armour {unknown}
 v - a scroll of fog {unknown}
 y - a scroll of recharging {unknown}
 I - 2 scrolls of teleportation {unknown}
Jewellery
 g - a ring of see invisible (left hand)
 l - a +4 ring of dexterity (right hand)
 u - an uncursed ring of teleportation
Potions
 e - a potion of might
 h - a potion of heal wounds
 j - a potion of haste {unknown}
 s - a potion of cure mutation {unknown}
 A - 4 potions of curing
 F - a potion of poison {unknown}


   Skills:
 - Level 2.6 Fighting
 * Level 7.8 Axes
 + Level 6.5 Armour
 + Level 6.7 Shields


You had 7 spell levels left.
You didn't know any spells.

Dungeon Overview and Level Annotations

Branches:
Dungeon (5/15)             Temple (0/1) D:5

Altars:
Ashenzari
Cheibriados
The Shining One

Shops:
D:4 %

Annotations:
D:4 Duvessa


Innate Abilities, Weirdness & Mutations

You are resistant to damage.
You can recharge devices by infusing magical energy.
You passively map a small area around you.
You do not heal naturally.


Message History

Dowan says, "Stay away from my face!"
You block Duvessa's attack.
There is a stone staircase leading up, spattered with blood here.
You slash Duvessa!
Duvessa is almost dead.
You slice Dowan!!
You kill Dowan!
Duvessa weeps, then rights herself and shakes her weapon.
Duvessa goes berserk!
* * * LOW HITPOINT WARNING * * *
You feel extremely sick. Duvessa barely misses you.
* * * LOW HITPOINT WARNING * * *
You feel very sick.
Duvessa hits you with a short sword of venom.
* * * LOW HITPOINT WARNING * * *
You are more poisoned.
You block Duvessa's attack.
You climb upwards.
You die...

#########
#..####..#####....
####.## #.## ####.
#....#####.# ##
#.####⌠.⌠#.# #
##......∩.[.#
#......⌠.⌠..#
###.#..<..[...##########
#......[................
#.....e@......##########
###..##.).[.....# ##
#######....##.........#
#.
##.........#############
#. #.........## #.
#.........# ##
##......### # ######## #
#


You could see Duvessa (berserk).

Vanquished Creatures
  The ghost of Heini the Covered, an average MiFi (D:4)
  Eustachio (D:5)
  A black bear (D:4)
  A phantom (D:5)
  An ogre (D:4)
  A centaur (D:4)
  Blork the orc (D:4)
  A gnoll sergeant (D:4)
  2 scorpions (D:4)
  Dowan (D:5)
  An orc priest (D:4)
  A giant frog skeleton (D:5)
  A jelly (D:5)
  A crimson imp (D:5)
  An orc wizard (D:4)
  A worker ant (D:5)
  Ijyb (D:5)
  9 adders
  3 gnolls
  A green rat (D:5)
  3 giant mites
  2 worms
  2 ufetubi (D:5)
  2 adder skeletons (D:4)
  A giant gecko (D:2)
  2 oozes (D:3)
  13 orcs
  2 ball pythons (D:3)
  11 bats
  A bat skeleton (D:4)
  2 giant cockroaches
  5 goblins
  10 hobgoblins
  7 jackals
  4 quokkas
  5 giant newts
  A giant newt zombie (D:5)
  A goblin skeleton (D:5)
  3 goblin zombies (D:5)
  4 hobgoblin zombies (D:5)
  10 kobolds
  2 kobold skeletons
  2 orc skeletons (D:5)
  7 rats
  2 rat zombies (D:5)
135 creatures vanquished.

Notes
Turn   | Place    | Note
--------------------------------------------------------------
     0 | D:1      | ImaNewbie, the Deep Dwarf Fighter, began the quest for the Orb.
     0 | D:1      | Reached XP level 1. HP: 20/20 MP: 1/1
   746 | D:1      | Reached XP level 2. HP: 22/27 MP: 2/2
   793 | D:2      | Reached XP level 3. HP: 26/33 MP: 3/3
  1005 | D:2      | Reached skill level 4 in Shields
  1034 | D:2      | Found a shattered altar of Ashenzari.
  1083 | D:2      | Found a snail-covered altar of Cheibriados.
  1443 | D:3      | Reached XP level 4. HP: 20/40 MP: 4/4
  2170 | D:4      | Found Usuew's Food Shop.
  2205 | D:4      | Reached XP level 5. HP: 37/46 MP: 5/5
  2264 | D:4      | Noticed Heini's ghost (average MiFi)
  2281 | D:4      | Killed Heini's ghost
  2281 | D:4      | Reached XP level 6. HP: 27/55 MP: 6/6
  2298 | D:4      | Reached skill level 5 in Shields
  2328 | D:4      | Got a blackened scale mail
  2341 | D:4      | Identified the +0 scale mail of Giubeuc {Str+3} (You found it on level 4 of the Dungeon)
  2412 | D:4      | Reached skill level 5 in Axes
  2417 | D:4      | Noticed a black bear
  2423 | D:4      | Reached skill level 5 in Armour
  2426 | D:4      | Killed a black bear
  2521 | D:4      | Reached XP level 7. HP: 26/61 MP: 7/7
  2842 | D:5      | Entered Level 5 of the Dungeon
  2872 | D:5      | Noticed Ijyb
  2885 | D:5      | Killed Ijyb
  2968 | D:5      | Reached skill level 6 in Axes
  3047 | D:5      | Noticed Eustachio
  3064 | D:5      | Killed Eustachio
  3310 | D:4      | Reached skill level 7 in Axes
  3314 | D:4      | Reached XP level 8. HP: 16/68 MP: 6/6
  3536 | D:5      | Found a glowing golden altar of the Shining One.
  3607 | D:5      | Found a staircase to the Ecumenical Temple.
  3607 | D:5      | Noticed Duvessa
  3607 | D:5      | Noticed Blork the orc
  3609 | D:5      | Noticed Dowan
  3682 | D:4      | Killed Blork the orc
  3707 | D:5      | Killed Dowan
  3709 | D:4      | Succumbed to Duvessa's poison

Action                   |  1- 3 |  4- 6 |  7- 9 || total
-------------------------+-------+-------+-------++-------
Melee: War axe           |    94 |   181 |   176 ||   451
 Fire: Blowgun           |       |       |     1 ||     1
 Abil: Device Recharging |       |       |     3 ||     3
Evoke: Wand              |       |     4 |    11 ||    15
  Use: Scroll            |     1 |     5 |     1 ||     7
  Eat: Chunk             |     2 |     4 |     4 ||    10
